 Dungeon Crawl Stone Soup version 0.30-a0-800-g7c544603b3 (webtiles) character file.

Game seed: 11642467018408100928

1721 sircluck the Cleaver (level 9, -4/78 HPs)
             Began as a Hill Orc Fighter on Feb 21, 2023.
             Was a Believer of Beogh.
             Slain by a vampire (5 damage)
             ... on level 6 of the Dungeon.
             The game lasted 00:12:51 (6850 turns).

sircluck the Cleaver (Hill Orc Fighter)             Turns: 6850, Time: 00:12:52

Health: -4/78      AC: 12    Str: 23    XL:     9   Next: 4%
Magic:  9/9        EV: 11    Int: 14    God:    Beogh [**....]
Gold:   327        SH:  4    Dex: 10    Spells: 8/8 levels left

rFire   . . .      SeeInvis .    a - +0 war axe
rCold   . . .      Faith    .    c - +0 buckler
rNeg    . . .      Spirit   .    N - +3 leather armour
rPois   .          Reflect  .    H - +2 hat
rElec   .          Harm     .    G - +2 cloak
rCorr   .          Rampage  .    (no gloves)
Will    .....                    (no boots)
Stlth   +                        (no amulet)
HPRegen 0.33/turn                m - +6 ring of intelligence
MPRegen 0.11/turn                (no ring)

@: mighty
A: no striking features
a: Renounce Religion, Smiting


You were on level 6 of the Dungeon.
You worshipped Beogh.
Beogh was pleased with you.
You visited 1 branch of the dungeon, and saw 6 of its levels.
You also visited: Sewer.

You collected 327 gold pieces.

Inventory:

Hand Weapons
 a - a +0 war axe (weapon)
 j - a +2 heavy falchion
 o - a +0 sling
 p - a +0 spear
 B - a +1 short sword of freezing
 D - a +2 mace of protection
 J - a +2 vampiric dagger
 O - a +4 flail
 Q - a +3 dagger
Missiles
 e - 4 boomerangs (quivered)
 i - 35 stones
 y - a throwing net
 L - 19 poisoned darts
Armour
 b - a +0 scale mail
 c - a +0 buckler (worn)
 q - a +1 hat
 x - a +1 hat
 F - a +0 cloak
 G - a +2 cloak (worn)
 H - a +2 hat (worn)
 N - a +3 leather armour (worn)
 P - a +0 chain mail
Jewellery
 m - a +6 ring of intelligence (left hand)
Wands
 R - a wand of digging (4)
Scrolls
 g - a scroll of silence {unknown}
 k - 3 scrolls of identify {unknown}
 l - 2 scrolls of poison {unknown}
 r - a scroll of noise {unknown}
 s - 5 scrolls of teleportation {unknown}
 u - 3 scrolls of enchant weapon {unknown}
 v - a scroll of enchant armour {unknown}
 w - a scroll of summoning {unknown}
 I - a scroll of fear {unknown}
 M - 2 scrolls of fog {unknown}
 T - a scroll of immolation {unknown}
Potions
 d - 3 potions of might
 f - 2 potions of invisibility {unknown}
 h - a potion of berserk rage {unknown}
 n - a potion of lignification {unknown}
 t - 2 potions of curing {unknown}
 z - a potion of cancellation {unknown}
 C - 3 potions of degeneration {unknown}
 E - 2 potions of haste {unknown}
 K - a potion of resistance {unknown}
 S - a potion of attraction {unknown}


   Skills:
 + Level 6.7 Fighting
 + Level 10.3 Axes
 + Level 6.2 Armour
 + Level 2.3 Dodging
 + Level 1.0 Stealth
 + Level 4.7 Shields


You had 8 spell levels left.
You didn't know any spells.
Your spell library was empty.

Dungeon Overview and Level Annotations

Branches:
Dungeon (6/15)             Temple (0/1) D:5           Sewer (visited)

Altars:
Gozag
Kikubaaqudgha
Makhleb
Qazlal
Vehumet
Zin

Shops:
D:4 *


Message History

The black bear claws you but does no damage.
Something hits you! Something bites you!
* * * LOW HITPOINT WARNING * * *
Something draws strength from your injuries!
You feel much better. You block the black bear's attack.
The black bear barely misses you.
The black bear claws you but does no damage.
Something hits you. Something completely misses you.
You closely miss the black bear.
The black bear is heavily wounded.
You hit something. The black bear barely misses you.
The black bear closely misses you.
The black bear claws you but does no damage.
Something hits you!
* * * LOW HITPOINT WARNING * * *
Something bites you but does no damage.
You barely miss the black bear.
The black bear is heavily wounded.
You hit something but do no damage. You block the black bear's attack.
The black bear closely misses you. x2; Something hits you but does no damage.
Something bites you!
* * * LOW HITPOINT WARNING * * *
Something draws strength from your injuries!
The black bear bites you but does no damage.
You block the black bear's attack.
The black bear claws you but does no damage.
You feel very mighty all of a sudden.
The black bear bites you but does no damage.
The black bear claws you but does no damage.
You block the black bear's attack. Something hits you.
* * * LOW HITPOINT WARNING * * *
Something bites you!
* * * LOW HITPOINT WARNING * * *
Something draws strength from your injuries!
You hit the black bear.
The black bear is severely wounded.
You hit something but do no damage. The black bear barely misses you.
The black bear misses you. The black bear barely misses you.
Something completely misses you. Something bites you.
You die...

#..............#########
#.................<....#
#...#############......#
#..## .#.#. #......#
#..# #.#!# ...##### #..#
#.#.# # #.### #..#
#.#.#.#.#. #..##
##.h.......
##...###.@........
#........#........
#[.......#..[.....
#...########........
#.#. #........ #.#.
......... # #. #########


You could see a black bear.

Vanquished Creatures
  A water moccasin (D:5)
  An ogre (D:4)
  A phantom (D:4)
  5 kobold brigands (Sewer)
  5 scorpions
  A jelly (D:4)
  5 hounds
  2 orc priests
  3 iron imps (D:6)
  Ijyb (D:3)
  Terence (D:3)
  4 iguanas
  An orc wizard (D:5)
  Natasha (thrice) (D:3)
  Robin (D:3)
  6 adders
  4 river rats (Sewer)
  2 shadow imps (D:6)
  2 white imps
  An ufetubus (D:6)
  5 worms
  2 dart slugs
  13 orcs
  10 ball pythons
  8 endoplasms
  7 giant cockroaches
  10 goblins
  7 hobgoblins
  2 jackals (D:4)
  4 quokkas
  4 bats
  A frilled lizard (D:1)
  3 kobolds
  9 rats
135 creatures vanquished.

Vanquished Creatures (others)
  2 orcs (D:3)
2 creatures vanquished.

Grand Total: 137 creatures vanquished

Notes
Turn   | Place    | Note
-------+----------+-------------------------------------------
     0 | D:1      | sircluck the Hill Orc Fighter began the quest for the Orb.
     0 | D:1      | Reached XP level 1. HP: 19/19 MP: 1/1
   235 | D:1      | Reached XP level 2. HP: 21/27 MP: 2/2
   326 | D:1      | Found a faded altar of an unknown god.
  1179 | D:2      | Reached skill level 3 in Axes
  1267 | D:2      | Reached XP level 3. HP: 33/33 MP: 3/3
  2001 | D:3      | Noticed Ijyb
  2175 | D:3      | Killed Ijyb
  2176 | D:3      | Reached skill level 4 in Axes
  2176 | D:3      | Reached XP level 4. HP: 23/40 MP: 4/4
  2363 | D:3      | Noticed Natasha
  2370 | D:3      | Killed Natasha
  2444 | D:3      | Became a worshipper of Beogh the Brigand
  2560 | D:3      | Noticed Terence
  2568 | D:3      | Killed Terence
  2569 | D:3      | Reached skill level 5 in Fighting
  2569 | D:3      | Reached XP level 5. HP: 41/48 MP: 5/5
  2594 | D:3      | Noticed Robin
  2605 | D:3      | Killed Robin
  2927 | D:3      | Noticed Natasha
  2933 | D:3      | Killed Natasha
  3071 | D:4      | Found Zin's Purification Station.
  3137 | D:3      | Noticed Natasha
  3154 | D:3      | Killed Natasha
  3155 | D:3      | Reached skill level 5 in Axes
  3229 | D:4      | Reached XP level 6. HP: 37/56 MP: 6/6
  3310 | D:4      | Reached * piety under Beogh
  3312 | D:4      | Reached skill level 6 in Axes
  3347 | D:4      | Found a stormy altar of Qazlal.
  3385 | D:4      | Reached XP level 7. HP: 21/61 MP: 7/7
  3653 | D:4      | Found a glowing silver altar of Zin.
  3793 | D:4      | Reached skill level 7 in Axes
  3921 | D:4      | Reached skill level 1 in Dodging
  3956 | D:4      | Found an ancient bone altar of Kikubaaqudgha.
  3978 | D:5      | Entered Level 5 of the Dungeon
  4008 | D:5      | Found a glowing drain.
  4028 | Sewer    | Entered a sewer
  4260 | Sewer    | Reached skill level 5 in Armour
  4368 | Sewer    | Reached skill level 8 in Axes
  4410 | Sewer    | Reached ** piety under Beogh
  4665 | Sewer    | Reached XP level 8. HP: 62/70 MP: 8/8
  5037 | D:5      | Reached skill level 9 in Axes
  5388 | D:5      | Found an opulent altar of Gozag.
  5583 | D:5      | Found a staircase to the Ecumenical Temple.
  6382 | D:6      | Found a burning altar of Makhleb.
  6400 | D:6      | Reached skill level 10 in Axes
  6457 | D:6      | Found a radiant altar of Vehumet.
  6623 | D:6      | Reached XP level 9. HP: 71/78 MP: 9/9
  6753 | D:6      | Reached skill level 1 in Stealth
  6849 | D:6      | HP: 1/78 [something (7)]
  6850 | D:6      | Slain by a vampire

Illustrated notes

Levels and vault maps discovered:
D:1:      heliophobic_arrival_dark_side_of_the_moon, layout_basic,
          ebering_ecumenical_altar_box
D:2:      wander_river, layout_loops_ring
D:3:      layout_basic, uniq_ijyb, uniq_robin, uniq_natasha, uniq_terence
D:4:      layout_basic, grunt_qazlal_clouds, kennysheep_mini_moat, zin_purify,
          nrook_uturn
D:5:      layout_basic, mainiacjoe_overflow_brackets, minmay_temple_entry_glass,
          portal_sewer_entry_f
D:6:      layout_basic, demons_altar, lemuel_doored_altar, minmay_manual_maat

Skill      XL: |  1  2  3  4  5  6  7  8  9 |
---------------+----------------------------+-----
Axes           | 3 4 5 6 8 10 | 10.3
Fighting       | 4 5 6 |  6.7
Shields        | 4 |  4.7
Armour         | 4 5 6 |  6.2
Dodging        | 1 2 |  2.3
Stealth        | 1 |  1.0

Action                     |  1- 3 |  4- 6 |  7- 9 || total
---------------------------+-------+-------+-------++-------
  Melee: War axe           |   103 |   113 |   321 ||   537
 Invoke: Convert to Beogh  |       |     1 |       ||     1
    Use: Potion            |       |     1 |     3 ||     4
 Armour: Scale mail        |    44 |    64 |    85 ||   193
         Leather armour    |       |       |    57 ||    57
  Dodge: Dodged            |    48 |    57 |   137 ||   242
  Block: Buckler           |    31 |    20 |    62 ||   113

Table legend: (Time is in decaauts)
 A = Elapsed time spent in this place.
 B = Non-inter-level travel time spent in this place.
 C = Inter-level travel time spent in this place.
 D = Time resting spent in this place.
 E = Time spent auto-exploring this place.
 F = Levels seen in this place.
 G = Mean time per level.
                   A        B        C        D        E       F      G
               +--------+--------+--------+--------+--------+-----+--------+
         Total |   7193 |   6381 |    812 |      0 |   4497 |   7 | 1027.6 |
       Dungeon |   6004 |   5192 |    812 |      0 |   3674 |   6 | 1000.7 |
         Sewer |   1189 |   1189 |      0 |      0 |    823 |   1 | 1189.0 |
               +--------+--------+--------+--------+--------+-----+--------+

Top non-repeatable levels by time:
     D:5: 1386 daAuts
   Sewer: 1189 daAuts
     D:1: 1163 daAuts
     D:3: 1139 daAuts
     D:2: 973 daAuts
     D:4: 865 daAuts
     D:6: 476 daAuts
